Zazza, neutral female human Tourist --------- ##.........## ----------- # |.......| # ------- |.......... ### |.......| ###+@....| |.........| # |.......| ##|.@...| |.........-###### --------- |.fm..| |...{.....| ------- |.<.......| ------+---- Zazza the Rambler Experience level: 1 Strength: 10 Dexterity: 9 Constitution: 17 Intelligence: 14 Wisdom: 9 Charisma: 16 Health: 0(14) Energy: 2(2) Def: 0 Gold: 0 Moves: 1588 Dungeon seed: NrlJzAuL4Qf0fM2n Game ID: Zazza_1598774458 Your Inventory: Amulets v - a blessed amulet versus poison (being worn) Weapons a - 34 +2 darts (in quiver) x - 11 +0 crossbow bolts X - a +0 war hammer Y - a +0 orcish bow Armor e - an uncursed +0 Hawaiian shirt (being worn) z - a cursed -1 splint mail D - an uncursed +0 crystal plate mail Comestibles b - 2 uncursed slime molds c - 2 uncursed tripe rations d - 2 uncursed food rations f - 3 uncursed food rations g - 2 uncursed fortune cookies h - an uncursed cream pie i - an uncursed banana j - an uncursed melon u - an uncursed lembas wafer A - 3 uncursed eggs E - 2 uncursed fortune cookies J - 5 uncursed food rations Z - 4 uncursed slime molds Scrolls l - 4 uncursed scrolls of magic mapping L - an uncursed scroll of fire N - an uncursed scroll of destroy armor R - an uncursed scroll of identify T - an uncursed scroll of stinking cloud U - a blessed scroll of identify Spellbooks p - an uncursed spellbook of levitation y - an uncursed spellbook of force bolt Potions k - 2 uncursed potions of extra healing r - a blessed potion of invisibility C - an uncursed potion of water H - an uncursed potion of booze W - an uncursed potion of gain energy Rings o - an uncursed ring of sustain ability (on left hand) Wands s - a wand of light (0:13) B - a wand of digging (0:6) Tools m - an expensive camera (0:51) n - an uncursed credit card t - an uncursed tin opener w - an uncursed blindfold Gems q - an uncursed luckstone Spells and supernatural/magical abilities: Name Level Category Fail Memory L - levitation 4 escape 100% 93% W - pray for help -- divine ? -- Your skills at the end: Fighting Skills Weapon Skills dart [Basic] Spellcasting Skills Final Attributes: You were nominally aligned. You were poison resistant. You had fixed abilities. You were lucky. You had extra luck. Bad luck did not time out for you. Good luck did not time out for you. You are dead. Vanquished creatures: a shrieker 2 coyotes a giant rat a green mold a gnome zombie 3 geckos 5 jackals a fox 4 lichens a kobold zombie 3 newts 23 creatures vanquished. Voluntary challenges: You never hit with a wielded weapon. You read items or engraved 12 times, starting on turn 87. You never genocided any monsters. You never polymorphed an object. You never changed form. You used no wishes. You never split a pudding. You never wrote Elbereth's name. You never violated your personal moral code. Dungeon overview: The Dungeons of Doom: levels 1 to 5 Level 1 some fountains a long staircase Level 2 a fountain Level 3 a general store a long staircase Level 4 a fountain Level 5 <- You were here a general store, a fountain History has recorded: On T:1 you entered the Dungeons of Doom to retrieve the Amulet of Yendor! On T:194 you reached level 2 of The Dungeons of Doom. On T:584 you reached level 3 of The Dungeons of Doom. On T:1180 you reached level 4 of The Dungeons of Doom. On T:1501 you reached level 5 of The Dungeons of Doom. Score breakdown: Gold: 0 ( 0 points) Experience: 1 level ( 0 points) Exploration: 5 levels ( 10.00%) ( 8571 points) Discoveries: 3 items ( 1.01%) ( 3010 points) Valuables value: (no points given unless you survive) Artifact value: 0 ( 0 points) Variety of kills: 11 monsters ( 2.89%) ( 5097 points) Turncount: 1588 turns ( 0 points) Survival: died (score multiplied by 80%) Total score: 13342 Latest messages: You see here 11 crossbow bolts (22 zorkmids). "For you, most gracious lady; only 2 per crossbow bolt." x - 11 crossbow bolts (unpaid, 22 zorkmids). You see here a slime mold (17 zorkmids). "For you, good lady; only 17 for this slime mold." Z - a slime mold (unpaid, 17 zorkmids). You see here a mottled spellbook (100 zorkmids). "For you, good lady; only 100 for this mottled spellbook." You have a little trouble lifting y - a mottled spellbook (unpaid, 100 zorkmids). Your movements are slowed slightly because of your load. You see here a splint mail (80 zorkmids). "For you, esteemed lady; only 80 for this splint mail." z - a splint mail (unpaid, 80 zorkmids). You rebalance your load. Movement is difficult. You see here a crystal plate mail (820 zorkmids). The small mimic hits! "For you, most gracious lady; only 820 for this crystal plate mail." D - a crystal plate mail (unpaid, 820 zorkmids). You stagger under your heavy load. Movement is very hard. The small mimic hits! You don't have enough stamina to move. The small mimic hits! You die... Tuktoyaktuk takes all your possessions. Final status: Aloha Zazza the Tourist, killed by a small mimic... You died in The Dungeons of Doom on dungeon level 5 with 13342 points, and 0 pieces of gold, after 1588 moves. You were level 1 with a maximum of 14 hit points when you died.